Map: 워터폴

Players

Solar

  • Race: Zerg Zerg
  • Spawn Location: 1:00

GuMiho - Winner!

  • Race: Terran Terran
  • Spawn Location: 7:00

Event: DreamHack SC2 Masters 2022 Atlanta (Offline)

VOD

Have the link to the VOD?

Description

Time

  • Played on: Nov. 18, 2022, 5:27 p.m.
  • Length: 22:20

All games in this series

Show
View Real Time Build Order
Export as new Build Order

Solar Zerg 

Build Orders: Hatch First 

Get SALT Encoding   

  12  0:00  Drone  
  13  0:12  Overlord  
  13  0:17  Drone  
  14  0:31  Drone x2  
  16  0:47  Hatchery  
  15  0:51  Drone  
  15  0:54  Drone  
  17  0:57  Drone  
  18  1:08  Extractor  
  17  1:13  Spawning Pool  
  17  1:16  Drone  
  17  1:20  Drone  
  18  1:27  Drone  
  19  1:38  Drone  
  20  1:49  Drone  
  21  1:59  Queen x2  
  25  2:02  Zergling x4  
  27  2:10  Overlord  
  27  2:14  Zergling x2  
  28  2:25  Hatchery  
  28  2:28  Drone  
  28  2:30  Drone  
  28  2:35  Queen  
  31  2:41  Drone  
  32  2:46  Overlord  
  32  2:49  Metabolic Boost  
  32  2:53  Drone  
  32  2:56  Drone x2  
  35  2:59  Drone  
  36  3:06  Drone x2  
  36  3:08  Drone  
  36  3:09  Drone  
  36  3:11  Drone  
  41  3:17  Queen  
  43  3:22  Overlord  
  43  3:24  Drone  
  44  3:28  Overlord  
  44  3:36  Queen  
  44  3:37  Queen  
  44  3:40  Drone  
  49  3:43  Drone  
  49  3:46  Drone x3  
  49  3:48  Drone  
  54  3:54  Drone x3  
  54  3:55  Drone  
  58  3:58  Overlord  
  58  4:04  Drone x3  
  58  4:07  Drone  
  58  4:09  Overlord  
  62  4:10  Drone  
  62  4:14  Queen  
  65  4:17  Queen  
  65  4:21  Overlord  
  65  4:24  Drone x2  
  69  4:29  Drone x4  
  72  4:34  Zergling x6  
  72  4:37  Overlord  
  75  4:38  Drone  
  75  4:42  Lair  
  75  4:44  Drone x2, Extractor  
  77  4:45  Extractor  
  77  4:47  Spore Crawler  
  77  4:50  Drone x2  
  77  4:53  Overlord  
  77  4:55  Drone x2  
  77  4:58  Spore Crawler, Queen  
  80  5:02  Baneling Nest  
  80  5:04  Drone x3  
  80  5:05  Drone  
  80  5:07  Drone x2  
  84  5:10  Zergling x4  
  84  5:14  Evolution Chamber  
  86  5:15  Evolution Chamber  
  86  5:16  Overlord  
  86  5:18  Drone  
  86  5:19  Drone  
  86  5:23  Drone x2  
  86  5:27  Drone x4  
  92  5:28  Extractor  
  92  5:29  Drone, Extractor  
  92  5:32  Overlord  
  91  5:38  Drone  
  91  5:39  Drone  
  91  5:40  Drone  
  91  5:42  Drone  
  95  5:43  Overseer  
  95  5:46  Hatchery  
  95  5:48  Overlord  
  94  5:54  Centrifugal Hooks  
  94  5:56  Zerg Ground Armor Level 1  
  94  6:00  Drone  
  94  6:02  Zerg Melee Weapons Level 1  
  94  6:07  Drone x2  
  94  6:08  Zergling x12  
  102  6:12  Drone  
  102  6:13  Zergling x6  
  102  6:16  Spore Crawler  
  105  6:20  Hydralisk Den, Drone  
  105  6:23  Baneling x2, Overlord  
  105  6:24  Baneling x7  
  105  6:25  Baneling  
  105  6:27  Drone  
  105  6:29  Drone x2  
  105  6:30  Drone  
  109  6:34  Zergling x2  
  109  6:35  Zergling x2  
  109  6:38  Drone  
  109  6:39  Drone x3  
  115  6:42  Zergling x4  
  115  6:43  Zergling x4  
  115  6:46  Overlord  
  118  6:49  Hatchery  
  118  6:53  Zergling x4  
  119  6:55  Zergling x2, Baneling x2  
  119  6:58  Zergling x2  
  121  7:03  Zergling x8  
  121  7:04  Zergling x2  
  121  7:07  Queen  
  128  7:08  Overlord  
  128  7:10  Zergling x2  
  128  7:13  Zergling x6  
  128  7:14  Roach Warren  
  108  7:15  Queen x2  
  108  7:18  Zergling x2  
  108  7:19  Zergling x8  
  113  7:23  Zergling x2  
  113  7:26  Zergling x4  
  113  7:28  Queen  
  115  7:33  Baneling  
  115  7:34  Zergling x8, Baneling  
  115  7:36  Zergling x4  
  116  7:42  Zergling x6  
  116  7:43  Zergling x2, Queen  
  114  7:44  Baneling  
  114  7:46  Baneling x2  
  114  7:50  Zergling x4  
  108  7:51  Queen x2  
  108  7:54  Zergling x4  
  105  8:00  Drone  
  105  8:04  Drone  
  105  8:05  Drone x2  
  93  8:11  Drone  
  93  8:12  Drone  
  94  8:13  Drone x2  
  94  8:15  Drone x4  
  94  8:17  Drone  
  101  8:25  Drone x4  
  101  8:26  Drone  
  106  8:28  Zerg Missile Weapons Level 1  
  106  8:32  Zergling x6  
  105  8:37  Roach x5  
  105  8:41  Zergling x6  
  113  8:44  Drone  
  114  8:48  Drone  
  114  8:49  Drone x3  
  114  8:54  Drone x2  
  114  8:55  Roach x2, Spine Crawler  
  123  9:01  Ravager x5  
  123  9:02  Infestation Pit, Baneling x11, Overlord  
  127  9:04  Zergling x6  
  130  9:12  Drone x3  
  130  9:13  Roach x3  
  130  9:14  Roach  
  130  9:16  Overlord  
  141  9:22  Roach x4  
  145  9:24  Zergling x2  
  145  9:25  Zergling x2  
  145  9:29  Zergling x2  
  145  9:30  Zergling x6  
  139  9:31  Roach x2  
  139  9:36  Drone x2  
  145  9:40  Drone x2  
  145  9:41  Hive  
  145  9:42  Drone x3  
  145  9:44  Drone x2  
  145  9:45  Drone  
  148  9:46  Baneling x6  
  148  9:49  Overlord  
  148  9:52  Drone, Spine Crawler  
  149  9:55  Roach x2  
  149  9:56  Zergling x2  
  149  9:59  Baneling x9  
  153  10:00  Glial Reconstitution  
  153  10:02  Ravager x3  
  153  10:03  Ravager  
  153  10:04  Drone x3  
  153  10:05  Extractor  
  153  10:06  Extractor  
  157  10:14  Zergling x4, Baneling x6  
  157  10:17  Zergling x6, Hatchery  
  157  10:18  Zergling x2  
  157  10:19  Zergling x2  
  157  10:21  Overlord  
  163  10:23  Zergling x2  
  163  10:24  Zergling x6  
  153  10:28  Zergling x2  
  153  10:29  Zergling x8  
  153  10:31  Zergling x4  
  153  10:35  Roach  
  161  10:37  Roach x3  
  161  10:40  Roach x2  
  167  10:43  Roach x2  
  167  10:46  Roach  
  167  10:49  Zerg Melee Weapons Level 2, Zerg Missile Weapons Level 2  
  169  10:50  Zergling x2  
  169  10:51  Zergling x6  
  169  10:52  Baneling  
  169  10:53  Baneling x3  
  169  10:57  Drone x4  
  172  11:00  Drone  
  172  11:03  Drone  
  170  11:05  Zergling x2, Adrenal Glands  
  170  11:06  Zergling x2  
  170  11:09  Overlord  
  170  11:12  Viper  
  170  11:15  Baneling x2  
  171  11:20  Zergling x8  
  171  11:22  Overlord  
  171  11:25  Overlord  
  175  11:26  Viper  
  175  11:28  Zergling x2  
  175  11:32  Zergling x4  
  178  11:35  Zergling x2  
  178  11:36  Zergling x12  
  185  11:43  Baneling x6  
  185  11:44  Zergling x10  
  185  11:46  Baneling  
  188  11:48  Drone x2  
  188  11:51  Spore Crawler, Drone x2  
  188  11:53  Spore Crawler  
  185  11:54  Baneling  
  185  11:55  Baneling x2  
  185  11:56  Zergling x2, Baneling, Roach x4  
  185  11:58  Zergling x8  
  198  12:01  Baneling  
  198  12:02  Baneling x10  
  198  12:03  Drone  
  198  12:04  Zergling x2  
  200  12:08  Baneling x6  
  200  12:14  Baneling x5  
  200  12:28  Baneling x2  
  199  12:30  Spine Crawler  
  199  12:32  Spine Crawler  
  199  12:33  Drone x2  
  199  12:41  Zergling x10  
  199  12:42  Zergling x10  
  197  12:46  Zergling x26  
  197  12:48  Zergling x2  
  199  12:53  Overseer  
  199  13:09  Spine Crawler  
  199  13:10  Drone  
  199  13:17  Hatchery  
  199  13:19  Drone  
  199  13:28  Drone  
  199  13:33  Drone  
  198  13:34  Drone x2  
  198  13:35  Drone  
  198  13:39  Zergling x16  
  198  13:40  Zergling x10  
  199  13:51  Zergling x2  
  199  13:55  Zergling x20  
  199  13:59  Roach  
  199  14:00  Zergling x10  
  186  14:03  Roach x3  
  186  14:04  Zergling x4  
  186  14:05  Zergling x2  
  186  14:06  Overlord  
  186  14:07  Spine Crawler  
  184  14:10  Drone x4  
  184  14:11  Baneling  
  184  14:12  Baneling x5, Drone  
  184  14:13  Drone  
  184  14:16  Drone  
  186  14:21  Zergling x4  
  181  14:26  Roach x2  
  181  14:28  Zerg Missile Weapons Level 3, Zerg Melee Weapons Level 3  
  181  14:31  Zergling x6  
  184  14:38  Zergling x10  
  184  14:44  Hatchery  
  181  14:45  Drone  
  181  14:46  Drone  
  181  14:47  Baneling x8  
  181  14:50  Drone x2  
  181  14:51  Drone  
  180  14:56  Zergling x4  
  182  15:01  Zergling x6  
  182  15:03  Spine Crawler  
  182  15:06  Baneling x7  
  183  15:07  Zergling x4  
  183  15:11  Zergling x4  
  183  15:12  Zergling x2  
  188  15:17  Zergling x4, Spire  
  188  15:20  Zergling x2, Spine Crawler  
  188  15:21  Spore Crawler  
  188  15:22  Drone  
  188  15:23  Zergling x6  
  188  15:28  Zergling x4  
  179  15:30  Drone  
  179  15:31  Drone x3  
  179  15:34  Drone x2  
  177  15:39  Zergling x4  
  176  15:43  Zergling x8  
  176  15:48  Zergling x4  
  180  15:56  Zergling x14  
  186  15:59  Drone  
  186  16:00  Hatchery  
  186  16:01  Drone  
  186  16:03  Drone  
  178  16:04  Drone x2  
  178  16:06  Spine Crawler  
  178  16:08  Drone  
  178  16:10  Zergling x16  
  188  16:14  Drone  
  188  16:15  Drone  
  188  16:18  Zergling x10  
  185  16:23  Zergling x4  
  185  16:24  Ravager  
  185  16:25  Ravager x4  
  190  16:26  Zergling x4  
  190  16:31  Greater Spire  
  192  16:34  Zergling x8  
  192  16:35  Hatchery  
  192  16:37  Ravager  
  197  16:40  Zergling x6, Ravager  
  199  16:53  Spore Crawler  
  198  16:54  Drone  
  198  16:59  Zergling x2  
  198  17:00  Zergling x8  
  195  17:02  Zergling x10  
  195  17:05  Zergling x8  
  196  17:12  Corruptor x2  
  197  17:16  Corruptor  
  198  17:29  Corruptor x9, Hatchery  
  199  17:33  Zergling x14  
  199  17:35  Zergling x8  
  180  17:41  Corruptor x3  
  170  17:46  Zergling x10  
  159  17:52  Drone x3  
  159  17:54  Zerg Flyer Weapons Level 1  
  159  17:56  Drone x3  
  159  17:59  Zergling x2  
  159  18:02  Baneling x9  
  159  18:04  Viper  
  162  18:07  Drone  
  162  18:09  Drone  
  162  18:10  Drone x2  
  162  18:11  Zergling x2  
  167  18:13  Baneling x2  
  167  18:14  Baneling, Ravager  
  167  18:15  Ravager  
  167  18:17  Zergling x2  
  164  18:23  Zergling x10  
  164  18:25  Zergling x2  
  152  18:30  Ravager  
  152  18:31  Roach x3  
  160  18:34  Zergling x2  
  160  18:38  Zergling x6  
  160  18:40  Zergling x4  
  163  18:43  Zergling x4  
  163  18:46  Baneling x5  
  163  18:48  Zergling x2, Roach  
  163  18:50  Zergling x6  
  163  18:51  Zergling x2  
  163  18:54  Ravager x3  
  168  18:57  Viper x2  
  168  19:00  Roach x3  
  168  19:01  Zergling x2  
  181  19:03  Zergling x4  
  181  19:04  Zergling x2  
  181  19:06  Baneling x4  
  183  19:10  Roach  
  183  19:11  Roach x2  
  183  19:13  Zergling x2  
  183  19:14  Zergling x4  
  192  19:21  Corruptor x2  
  195  19:25  Corruptor  
  196  19:34  Overlord  
  187  19:39  Hatchery  
  187  19:40  Overlord  
  178  19:48  Zergling x2  
  178  19:49  Zergling x10  
  172  19:52  Zergling x2  
  172  19:53  Zergling x2  
  172  19:55  Zergling x4  
  172  19:57  Ravager  
  170  20:02  Zergling x6  
  170  20:07  Zergling x6  
  167  20:10  Roach  
  168  20:17  Zergling x8  
  168  20:21  Roach  
  160  20:24  Roach  
  146  20:30  Roach x2  
  146  20:34  Roach  
  134  20:37  Roach  
  134  20:39  Roach  
  137  20:45  Roach x2  
  137  20:47  Ravager x2  
  137  20:56  Zergling x10  
  142  20:58  Zergling x2  
  142  21:00  Roach  
  142  21:02  Roach  
  148  21:04  Roach  
  148  21:07  Roach  
  149  21:17  Ravager x2  
  149  21:18  Ravager  
  152  21:20  Ravager  
  152  21:21  Zergling x8  
  152  21:22  Hatchery  
  156  21:26  Zergling x6  
  156  21:29  Baneling  
  156  21:30  Baneling x5  
  156  21:32  Zergling x2  
  159  21:35  Zergling x4  
  144  21:46  Zergling x18  
  150  21:48  Baneling x2  
  150  21:49  Zergling x2  
  151  21:54  Zergling x8  
  151  22:00  Zergling x6  
Show
View Real Time Build Order
Export as new Build Order

GuMiho Terran - Winner!

Build Orders: Reaper Expand, Hellion Banshee 

Get SALT Encoding   

  12  0:00  SCV  
  13  0:12  SCV  
  14  0:17  Supply Depot  
  14  0:25  SCV  
  15  0:38  SCV  
  15  0:40  Barracks  
  16  0:43  Refinery  
  16  0:50  SCV  
  17  1:02  SCV  
  18  1:14  SCV  
  19  1:26  Orbital Command  
  19  1:27  Reaper  
  20  1:40  Command Center  
  20  1:47  Supply Depot  
  20  1:54  SCV  
  21  1:59  Marine  
  22  2:06  SCV  
  23  2:10  Factory  
  23  2:18  SCV  
  23  2:21  Barracks Reactor  
  24  2:30  SCV  
  25  2:38  Command Center  
  25  2:42  SCV  
  26  2:45  Refinery  
  26  2:54  SCV, Orbital Command  
  27  3:03  Starport  
  27  3:06  SCV  
  27  3:11  Hellion  
  30  3:14  Hellion  
  32  3:20  SCV x2  
  32  3:21  Barracks Tech Lab  
  34  3:32  SCV x2  
  36  3:34  Hellion  
  36  3:35  Hellion  
  40  3:44  SCV x2, Viking  
  40  3:46  Cloaking Field  
  44  3:52  Orbital Command  
  44  3:54  Barracks Tech Lab  
  44  3:56  SCV  
  44  4:00  SCV  
  46  4:05  Hellion x2  
  46  4:08  SCV  
  50  4:11  Supply Depot  
  50  4:12  SCV  
  51  4:18  Banshee  
  51  4:19  SCV  
  51  4:21  SCV  
  51  4:24  SCV  
  57  4:28  Hellion x2  
  61  4:33  SCV x2  
  61  4:36  Supply Depot, SCV  
  64  4:48  Factory  
  64  4:49  SCV x3  
  64  4:51  Refinery  
  64  4:52  Refinery, Factory, Hellion  
  69  4:58  Hellion  
  69  4:59  Supply Depot  
  71  5:01  SCV x2  
  71  5:02  Supply Depot  
  71  5:05  Orbital Command  
  73  5:08  Armory  
  73  5:13  SCV x2  
  77  5:14  Hellion  
  77  5:20  Supply Depot  
  79  5:21  Hellion  
  79  5:23  Starport Reactor  
  79  5:25  SCV x2  
  81  5:31  Supply Depot  
  81  5:33  SCV  
  82  5:37  SCV  
  82  5:38  Hellion  
  82  5:41  SCV  
  88  5:43  Supply Depot  
  88  5:46  SCV  
  88  5:49  SCV  
  90  5:53  SCV  
  89  5:58  SCV  
  89  6:00  Terran Vehicle Weapons Level 1, Thor x2  
  89  6:01  SCV  
  89  6:03  Hellion  
  105  6:05  Supply Depot  
  105  6:08  Hellion  
  105  6:11  SCV x2  
  109  6:13  SCV, Medivac  
  109  6:18  Refinery, Medivac  
  111  6:19  Refinery  
  111  6:23  SCV x2  
  111  6:25  Supply Depot  
  113  6:26  Supply Depot, SCV  
  113  6:28  Supply Depot  
  113  6:29  Hellion  
  113  6:31  Hellion  
  118  6:37  Supply Depot, SCV x2  
  118  6:38  SCV  
  121  6:44  Factory  
  121  6:45  Factory  
  121  6:52  Hellion x2  
  129  6:57  Thor  
  129  7:00  SCV x2  
  129  7:01  SCV  
  134  7:03  Engineering Bay, Thor  
  124  7:18  SCV  
  124  7:19  SCV x2  
  124  7:20  Hellion x2  
  124  7:21  Medivac  
  133  7:31  SCV x2  
  131  7:40  Thor  
  143  7:44  Hellion x2  
  143  7:45  Factory Reactor  
  143  7:46  Thor, SCV x2, Factory Tech Lab  
  143  7:49  Command Center  
  143  7:50  Supply Depot x2  
  140  8:02  Terran Vehicle Weapons Level 2  
  118  8:07  Hellion x3  
  118  8:08  SCV x2  
  118  8:09  Medivac x2  
  124  8:22  Supply Depot  
  124  8:23  Siege Tank  
  124  8:24  Hellion x2  
  124  8:26  Sensor Tower  
  131  8:29  Hellion x2, Siege Tank  
  138  8:36  Infernal Pre-Igniter  
  138  8:38  Hellion  
  140  8:46  Hellion  
  140  8:48  Hellion  
  144  8:50  Hellion  
  146  8:55  Siege Tank  
  146  8:59  Siege Tank  
  146  9:01  Command Center  
  152  9:07  Siege Tank  
  152  9:08  Hellion x2  
  159  9:22  Command Center, Refinery  
  159  9:23  Command Center  
  159  9:26  Refinery  
  159  9:28  Siege Tank  
  148  9:34  Hellion x2, Siege Tank  
  148  9:35  Hellion x2  
  151  9:39  Siege Tank  
  151  9:42  Viking  
  151  9:44  Liberator  
  157  9:46  Planetary Fortress  
  157  9:49  SCV x2  
  159  9:54  Smart Servos  
  159  9:56  Hellion  
  159  9:57  Hellion x9  
  161  10:01  Factory  
  161  10:07  Hellion x2, Siege Tank  
  161  10:08  Hellion  
  170  10:18  Terran Vehicle And Ship Armor Level 1  
  170  10:22  Siege Tank x2  
  170  10:23  Hellion  
  170  10:27  Planetary Fortress  
  171  10:29  Hellion x2  
  159  10:43  Hellion, Siege Tank  
  159  10:44  Hellion  
  162  10:50  Hellion  
  162  10:54  Siege Tank  
  162  10:55  Siege Tank  
  162  10:56  Hellion  
  160  11:02  Liberator  
  159  11:04  Hellion  
  159  11:09  Orbital Command  
  159  11:15  Siege Tank  
  159  11:17  SCV x3  
  165  11:19  Hellion  
  165  11:20  Hellion x2, Factory Tech Lab  
  171  11:26  Refinery, Siege Tank  
  171  11:27  Siege Tank  
  171  11:29  SCV  
  174  11:42  Missile Turret x2  
  174  11:43  Refinery  
  174  11:45  Sensor Tower  
  174  11:46  Widow Mine  
  182  11:57  Medivac x2  
  192  12:10  Planetary Fortress  
  192  12:14  Sensor Tower  
  180  12:16  Siege Tank x2  
  180  12:17  Hellion x3  
  180  12:22  Refinery  
  192  12:27  Viking x2  
  183  12:51  Hellion x2  
  183  12:52  Thor x3  
  183  12:57  Thor  
  193  13:02  Hellion x2  
  197  13:17  Sensor Tower  
  194  13:29  Terran Vehicle Weapons Level 3  
  194  13:31  Starport  
  194  13:33  Hellion x2, Starport, Fusion Core  
  193  13:35  Siege Tank  
  188  13:43  Thor  
  187  13:58  Hellion x3, Siege Tank x2  
  181  14:04  Hellion  
  181  14:07  Siege Tank  
  180  14:10  SCV  
  180  14:11  SCV x3  
  184  14:19  Hellion  
  184  14:20  Hellion, Starport Tech Lab x2  
  186  14:24  SCV x3  
  186  14:25  SCV  
  186  14:26  SCV, Siege Tank  
  186  14:27  Weapon Refit  
  194  14:38  Hellion  
  198  14:45  Command Center  
  198  14:46  Missile Turret  
  194  15:13  Battlecruiser x2  
  188  15:20  Command Center, Starport x2  
  188  15:25  Command Center  
  178  15:45  Viking  
  178  15:47  Thor  
  178  15:48  Thor x2  
  186  15:50  Thor  
  186  15:51  Hellion x3, Widow Mine  
  196  16:06  Armory, Terran Ship Weapons Level 1  
  191  16:19  Hellion x3  
  191  16:20  Command Center  
  191  16:24  Battlecruiser x2  
  197  16:27  Orbital Command  
  200  16:44  Starport Tech Lab x2  
  194  17:07  Battlecruiser  
  196  17:13  Terran Vehicle And Ship Armor Level 2  
  192  17:15  Orbital Command  
  192  17:21  Siege Tank x2  
  196  17:28  Hellion x3, Siege Tank x2  
  196  17:29  Hellion  
  175  17:40  Orbital Command  
  155  17:49  Hellion  
  155  17:50  Hellion x3  
  160  17:53  Siege Tank x2  
  160  17:54  Battlecruiser  
  172  18:00  Refinery, Siege Tank x2  
  172  18:03  Refinery  
  178  18:09  Missile Turret  
  178  18:10  Planetary Fortress  
  178  18:11  Hellion x4  
  186  18:26  Hellion x2  
  181  18:31  Battlecruiser  
  181  18:32  Hellion x2, Siege Tank  
  192  18:36  Viking  
  194  18:47  Siege Tank x2  
  200  18:59  Terran Ship Weapons Level 2  
  200  19:00  Refinery x2  
  200  19:08  Missile Turret  
  200  19:09  Missile Turret  
  198  19:13  Command Center  
  186  19:46  Command Center  
  186  19:48  Siege Tank  
  186  19:49  Siege Tank x3  
  186  19:50  Hellion x4  
  177  20:09  Orbital Command  
  177  20:11  Hellion  
  177  20:12  Command Center  
  177  20:19  Hellion x3  
  177  20:21  Hellion x2, Siege Tank x2  
  171  20:27  Orbital Command  
  149  20:33  Hellion  
  130  20:40  Hellion x3  
  134  20:43  Hellion x2  
  134  20:53  Hellion, Siege Tank  
  134  20:54  Hellion  
  141  21:01  Orbital Command  
  141  21:02  Hellion x3  
  141  21:04  Hellion, Siege Tank  
  148  21:11  Viking x3  
  148  21:12  Viking x2  
  148  21:14  Hellion  
  148  21:15  Hellion  
  162  21:23  Hellion x2  
  172  21:32  Refinery  
  160  21:44  Missile Turret  
  160  21:45  Missile Turret  
Tags
 
Add a new tag
Caveats
  • Supply blocks, unpowered buildings, or Contaminate may cause inaccurate times.
  • Supply counts are checked every 10 seconds.